 Dungeon Crawl Stone Soup version 0.29.0-11-gd7f09526c8 (webtiles) character file.

Game seed: 13871579825808981246

138 Zeldest the Insei (level 5, -3/45 HPs)
             Began as a Meteoran Monk on Sept 3, 2022.
             Slain by an iguana (10 damage)
             ... on level 4 of the Dungeon.
             The game lasted 00:06:34 (1308 turns).

Zeldest the Insei (Meteoran Monk)                   Turns: 1308, Time: 00:06:35

Health: -3/45      AC:  4    Str: 14    XL:     5   Next: 74%
Magic:  6/6        EV: 29    Int: 11    God:
Gold:   30         SH:  0    Dex: 17    Spells: 2/4 levels left

rFire   . . .      SeeInvis .     - Unarmed
rCold   . . .      Faith    .   (no shield)
rNeg    . . .      Spirit   .   a - +1 robe
rPois   .          Reflect  .   (no helmet)
rElec   .          Harm     .   (no cloak)
rCorr   .          Rampage  .   r - +0 pair of gloves
Will    .....                   (no boots)
Stlth   +.........              n - amulet of the acrobat
HPRegen 0.15/turn               (no ring)
MPRegen 0.10/turn               (no ring)

@: acrobatic, glowing, studying Dodging
A: sense surroundings 1, otherworldly, glowing, explore regen
a: no special abilities


You were on level 4 of the Dungeon.
You visited 1 branch of the dungeon, and saw 4 of its levels.

You collected 30 gold pieces.

Inventory:

Armour
 a - a +1 robe (worn)
 i - a +0 ring mail
 j - a +0 scale mail
 r - a +0 pair of gloves (worn)
Jewellery
 n - an amulet of the acrobat (around neck)
Wands
 p - a wand of paralysis (14)
Scrolls
 d - a scroll of enchant armour
 h - 3 scrolls of teleportation {unknown}
 k - a scroll of fog {unknown}
 l - a scroll of silence {unknown}
 m - a scroll of magic mapping {unknown}
 o - a scroll of identify {unknown}
Potions
 b - a potion of ambrosia
 c - 2 potions of curing {unknown}
 e - a potion of lignification {unknown}
 f - 2 potions of attraction {unknown}
 g - 4 potions of mutation {unknown}
 q - a potion of invisibility {unknown}


   Skills:
 - Level 3.4 Fighting
 - Level 0.5 Armour
 + Level 4.5 Dodging
 - Level 1.4 Stealth
 * Level 5.3 Unarmed Combat
 * Level 3.4 Transmutations


You had 2 spell levels left.
You knew the following spells:

 Your Spells              Type           Power      Damage    Failure   Level
a - Wereblood             Tmut           7%         N/A       13%         2

Your spell library contained the following spells:

 Spells                   Type           Power      Damage    Failure   Level
 Sublimation of Blood     Necr           0%         N/A       47%         2
 Portal Projectile        Hex/Tloc       0%         N/A       71%         3
 Tukima's Dance           Hex            0%         N/A       71%         3
 Blade Hands              Tmut           3%         N/A       94%         5
 Summon Hydra             Summ           0%         N/A       100%        7


Dungeon Overview and Level Annotations

Branches:
Dungeon (4/15) Zot: 1110
 Temple: D:4-7

Altars:
Elyvilon
Fedhas

Annotations:
D:3 1 runed translucent door, Thoth777's ghost, amateur GnCA


Innate Abilities, Weirdness & Mutations

You passively map a small area around you.
You are easily found by Zot.
You glow in the dark.
You regain HP and MP as you explore.


Message History

The iguana is lightly wounded.
You barely miss the iguana.
The iguana is lightly wounded.
The iguana closely misses you.
You barely miss the iguana.
The iguana is lightly wounded.
The iguana bites you!
You closely miss the iguana.
The iguana is lightly wounded.
The iguana barely misses you.
You closely miss the iguana.
The iguana is lightly wounded.
The iguana bites you.
You hit the iguana but do no damage.
The iguana is lightly wounded.
The iguana misses you.
You hit the iguana.
The iguana is moderately wounded.
The iguana misses you.
You hit the iguana but do no damage.
The iguana is moderately wounded.
The iguana bites you.
You closely miss the iguana.
The iguana is moderately wounded.
The iguana bites you!
You hit the iguana but do no damage.
The iguana is moderately wounded.
The iguana misses you.
You hit the iguana.
The iguana is severely wounded.
You hit the iguana.
The iguana is almost dead.
The iguana bites you!
* * * LOW HITPOINT WARNING * * *
The iguana attacks as you move away! The iguana completely misses you.
The iguana attacks as you move away! The iguana closely misses you.
You see here a hound corpse.
The iguana attacks as you move away! The iguana completely misses you.
The iguana attacks as you move away! The iguana bites you!
You die...

, #...#
##.##.###.# #.# *
.## #.⌠.#
#........h., *
#...# #.....###.
,, #..l# ####..#
** * #...# #..# ,
#....#.## #..# ..
#.####..# #..# ,.
#
###.#####..#######
*
#...†...†l@.......
, ,*
#.#.#####.##.#####
* #.#.# #.# .# * *
# #[# #.# ,# ,,, ,
* #.# #.. , , *
... * #.. ##.* *
#.# ### , .# * , ,
, ## * * *


You could see an iguana.

Vanquished Creatures
  2 hounds (D:4)
  2 adders (D:4)
  2 dart slugs
  An orc (D:4)
  5 ball pythons
  5 bats
  4 endoplasms
  2 giant cockroaches
  6 hobgoblins
  6 jackals (D:3)
  3 quokkas
  3 frilled lizards
  9 goblins
  3 kobolds (D:1)
  2 rats
55 creatures vanquished.

Vanquished Creatures (others)
  3 fungi (D:2)
  A plant (D:2)
4 creatures vanquished.

Grand Total: 59 creatures vanquished

Notes
Turn   | Place    | Note
-------+----------+-------------------------------------------
     0 | D:1      | Zeldest the Meteoran Monk began the quest for the Orb.
     0 | D:1      | Reached XP level 1. HP: 19/19 MP: 2/2
    46 | D:1      | Reached XP level 2. HP: 26/26 MP: 3/3
   104 | D:1      | Reached skill level 4 in Unarmed Combat
   182 | D:1      | Reached skill level 1 in Transmutations
   221 | D:1      | Reached XP level 3. HP: 16/31 MP: 4/4
   397 | D:2      | Found a faded altar of an unknown god.
   527 | D:2      | Learned a level 2 spell: Wereblood
   792 | D:3      | Reached XP level 4. HP: 37/38 MP: 3/5
   798 | D:3      | Found a white marble altar of Elyvilon.
   800 | D:3      | Found a blossoming altar of Fedhas.
  1037 | D:3      | Found a runed translucent door.
  1046 | D:3      | Noticed Thoth777's ghost (amateur GnCA)
  1240 | D:4      | Reached XP level 5. HP: 36/45 MP: 6/6
  1266 | D:4      | Reached skill level 5 in Unarmed Combat
  1308 | D:4      | Slain by an iguana

Illustrated notes

Levels and vault maps discovered:
D:1:      minmay_arrival_doors, layout_loops_ring
D:2:      layout_loops_ring, shapermc_ecumenical_altar_acropolis, uniq_robin
D:3:      layout_loops_cross, mainiacjoe_overflow_catwalk_spiral,
          ebering_ghost_sewer_d, kennysheep_generic_room_8
D:4:      layout_loops_ring, nicolae_elevator_lobby_asterisk

Skill      XL: |  1  2  3  4  5 |
---------------+----------------+-----
Unarmed Combat | 4 5 |  5.3
Transmutations | 1 2 3 |  3.4
Dodging        | 4 |  4.5
Fighting       | |  3.4
Armour         | |  0.5
Stealth        | |  1.4

Action                   |  1- 3 |  4- 6 || total
-------------------------+-------+-------++-------
Melee: Unarmed           |   123 |   103 ||   226
       Punch             |     3 |     5 ||     8
 Cast: Wereblood         |     1 |     1 ||     2
  Use: Scroll            |     3 |       ||     3
Armor: Robe              |    20 |    29 ||    49
       Scale mail        |    10 |       ||    10
       Ring mail         |     8 |       ||     8
Dodge: Dodged            |    74 |    72 ||   146
